 Dungeon Sprint DCSS version 0.22-a0-402-ga933591907 (webtiles) character file.

20589 Hephaistos the Bludgeoner (level 12, -2/92 HPs)
             Began as a Gargoyle Berserker on May 6, 2018.
             Was a High Priest of Trog.
             Slain by a deep troll earth mage simulacrum (28 damage)
             ... in the Dungeon (Sprint IX: "|||||||||||||||||||||||||||||").
             The game lasted 00:05:57 (2205 turns).

Hephaistos the Bludgeoner (Gargoyle Berserker)      Turns: 2205, Time: 00:05:57

Health: -2/92      AC: 31    Str: 30    XL:     12   Next: 81%
Magic:  12/12      EV: 13    Int:  6    God:    Trog [*****.]
Gold:   595        SH: 28    Dex: 13    Spells: 11/11 levels left

rFire    . . .     SeeInvis +   n - +2 morningstar (protect)
rCold    . . .     Gourm    .   x - +10 large shield of Ignorance {rN+ Int-4}
rNeg     + + .     Faith    .   o - +1 scale mail
rPois    ∞         Spirit   .   v - +0 hat
rElec    +         Reflect  .   a - +0 cloak
rCorr    .         Harm     .   C - +1 pair of gloves
MR       .....     NoTele   +   m - +0 pair of boots
Stlth    ..........             (no amulet)
HPRegen  0.25/turn              w - ring "Ovvism" {+Fly rElec Str+3 Dex+4 SInv}
MPRegen  0.13/turn              q - +3 ring of strength

@: protection aura, berserk cooldown
A: negative energy resistance 1, electricity resistance, unbreathing,
petrification resistance, rot immunity, AC +8
a: Berserk, Trog's Hand, Brothers in Arms, Renounce Religion, Evoke Flight


You were in the Dungeon.
You worshipped Trog.
Trog was extremely pleased with you.
You were not hungry.

You visited 1 branch You collected 1900 gold pieces.
You spent 1305 gold pieces at shops.

Inventory:

Hand Weapons
 n - a +2 morningstar of protection (weapon)
 B - the +1 whip of the Eggplant {holy, Str+3}
   (You found it in the Dungeon)

   It has been blessed by the Shining One to cause great damage to the undead
   and demons.
   It affects your strength (+3).
Armour
 a - a +0 cloak (worn)
 m - a +0 pair of boots (worn)
 o - a +1 scale mail (worn)
 u - a +0 pair of gloves
 v - a +0 hat (worn)
 x - the +10 large shield of Ignorance (worn) {rN+ Int-4}
   (You bought it in a shop in the Dungeon)

   It affects your intelligence (-4).
   It protects you from negative energy.
 C - a +1 pair of gloves (worn)
Jewellery
 p - a +3 ring of intelligence
 q - a +3 ring of strength (right hand)
 w - the ring "Ovvism" (left hand) {+Fly rElec Str+3 Dex+4 SInv}
   (You bought it in a shop in the Dungeon)

   [ring of see invisible]

   It affects your strength (+3).
   It affects your dexterity (+4).
   It insulates you from electricity.
   It lets you see invisible.
   It lets you fly.
 y - an uncursed ring of protection from fire
 z - an uncursed ring of protection from magic
 A - an uncursed ring of protection from magic
Wands
 l - a wand of iceblast (10)
Scrolls
 b - 3 scrolls of enchant weapon
 i - 4 scrolls of blinking
 k - 5 scrolls of remove curse
 r - 2 scrolls of identify
 s - a scroll of fear
 t - a scroll of silence
 E - a scroll of fog
 F - 2 scrolls of enchant armour
Potions
 d - 6 potions of curing
 e - 11 potions of heal wounds
 f - 5 potions of haste
 g - 4 potions of magic
 h - a potion of berserk rage
 j - a potion of invisibility
 D - a potion of agility
Comestibles
 c - 10 rations


   Skills:
 + Level 17.9 Fighting
 + Level 20.5 Maces & Flails
 + Level 12.0 Armour
 + Level 10.1 Dodging
 * Level 7.7 Shields


You had 11 spell levels left.
You didn't know any spells.

Dungeon Overview and Level Annotations

Branches:
Dungeon (1/1)

Altars:
Cheibriados
Dithmenos
Elyvilon
Fedhas
Gozag
Hepliaklqana
Kikubaaqudgha
Makhleb
Nemelex Xobeh
Okawaru
Qazlal
Ru
Sif Muna
Trog
Uskayaw
Vehumet
Wu Jian
Xom
Yredelemnul
Zin
The Shining One
Beogh
Jiyva
Lugonu

Shops:
D [([=


Innate Abilities, Weirdness & Mutations

You are resistant to torment.
Your stone body is resilient. (AC +8)
You are immune to poison.
You resist negative energy. (rN+)
You are resistant to electric shocks. (rElec)
You can survive without breathing.
You are immune to petrification.
You are immune to rotting.


Message History

You feel quite a bit more hungry.
You block the deep troll shaman's attack. x3
The deep troll earth mage simulacrum bites you but does no damage.
You block the deep troll earth mage simulacrum's attack. x2
Unknown command.
Unknown command.
You barely miss the deep troll shaman.
The deep troll shaman is almost dead.
The deep troll shaman utters an invocation to its god.
The deep troll shaman is healed somewhat.
Your deep troll bites the deep troll earth mage simulacrum but does no damage.
Your deep troll claws the deep troll earth mage simulacrum but does no damage.
Your deep troll completely misses the deep troll earth mage simulacrum.
You thump the deep troll shaman!
The deep troll shaman is almost dead.
You block the deep troll earth mage simulacrum's attack. x2
The deep troll earth mage simulacrum claws you.
* * * LOW HITPOINT WARNING * * *
The deep troll earth mage simulacrum freezes you!!
You die...

▓.▓.▓.▓.▓.▓.▓_▓
▓.▓.▓.▓.▓.▓.▓_▓
▓.▓.▓)▓.▓.▓.▓_▓
▓.▓.▓'▓.▓.▓.▓_▓
▓.▓.▓)▓.▓'▓.▓'▓
▓'▓.▓.▓.▓%▓.▓.▓
▓T▓.▓.▓.▓.▓.▓?▓
▓Z▓.▓.▓.▓)▓.▓|▓
▓@▓.▓)▓.▓÷▓.▓)▓
▓T▓.▓∩▓.▓÷▓.▓.▓
▓Z▓.▓.▓.▓.▓.▓[▓
▓Z▓.▓∩▓.▓.▓.▓.▓
▓.▓.▓)▓.▓.▓.▓.▓
▓.▓.▓∩▓.▓(▓.▓)▓
▓5▓.▓.▓.▓.▓.▓'▓
▓.▓.▓∩▓.▓.▓.▓.▓
▓.▓.▓.▓(▓.▓.▓


You could see a deep troll shaman, a crimson imp, a deep troll earth mage
simulacrum, an adder zombie, an adder skeleton and a friendly deep troll
(berserk).

Vanquished Creatures
  Gastronok (D)
  A stone giant (D)
  3 catoblepae (D)
  2 deep troll earth magi (D)
  A two-headed ogre (D)
  An ogre mage (D)
  A tengu warrior (D)
  2 orc high priests (D)
  A necromancer (D)
  5 orc knights (D)
  A manticore (D)
  A cyclops (D)
  A black mamba (D)
  Joseph (D)
  A spiny frog (D)
  A komodo dragon (D)
  A yaktaur (D)
  A polar bear (D)
  2 hippogriffs (D)
  3 yaks (D)
  A wyvern (D)
  5 water moccasins (D)
  2 porcupines (D)
  3 orc warriors (D)
  An ice beast (D)
  An eye of draining (D)
  3 bullfrogs (D)
  2 scorpions (D)
  A crimson imp (D)
  2 orc wizards (D)
  An iguana (D)
  An adder (D)
  An adder skeleton (D)
  4 orcs (D)
  A bat skeleton (D)
  2 goblins (D)
  A hobgoblin (D)
  A quokka (D)
  A bat (D)
  A giant cockroach zombie (D)
  A kobold (D)
  A leopard gecko skeleton (D)
68 creatures vanquished.

Vanquished Creatures (collateral kills)
  2 death yaks (D)
  7 orc high priests (D)
  3 orc knights (D)
  A black mamba (D)
  A spiny frog (D)
  2 yaks (D)
  9 orc warriors (D)
  3 orc wizards (D)
  2 orcs (D)
30 creatures vanquished.

Grand Total: 98 creatures vanquished

Notes
Turn   | Place    | Note
-------+----------+-------------------------------------------
     0 | D        | Hephaistos the Gargoyle Berserker began the quest for the Orb.
     0 | D        | Reached XP level 1. HP: 14/14 MP: 1/1
    11 | D        | Reached ** piety under Trog
    11 | D        | Reached skill level 4 in Maces & Flails
   104 | D        | Noticed an iguana
   104 | D        | Noticed a scorpion
   110 | D        | Reached skill level 5 in Maces & Flails
   110 | D        | Reached XP level 2. HP: 19/19 MP: 2/2
   113 | D        | Reached *** piety under Trog
   116 | D        | Reached skill level 7 in Maces & Flails
   116 | D        | Reached XP level 3. HP: 23/23 MP: 3/3
   122 | D        | Killed a scorpion
   122 | D        | Reached **** piety under Trog
   122 | D        | Reached skill level 9 in Maces & Flails
   122 | D        | Reached XP level 4. HP: 28/28 MP: 4/4
   179 | D        | Found a roughly hewn altar of Beogh.
   179 | D        | Found a snail-covered altar of Cheibriados.
   179 | D        | Found a shadowy altar of Dithmenos.
   179 | D        | Found a white marble altar of Elyvilon.
   179 | D        | Found a blossoming altar of Fedhas.
   179 | D        | Found an opulent altar of Gozag.
   180 | D        | Found a hazy altar of Hepliaklqana.
   181 | D        | Found a viscous altar of Jiyva.
   182 | D        | Found an ancient bone altar of Kikubaaqudgha.
   183 | D        | Found a corrupted altar of Lugonu.
   184 | D        | Found a burning altar of Makhleb.
   185 | D        | Found a sparkling altar of Nemelex Xobeh.
   186 | D        | Found an iron altar of Okawaru.
   187 | D        | Found a stormy altar of Qazlal.
   188 | D        | Found a sacrificial altar of Ru.
   189 | D        | Found a deep blue altar of Sif Muna.
   190 | D        | Found a bloodstained altar of Trog.
   191 | D        | Found a hide-covered altar of Uskayaw.
   192 | D        | Found a radiant altar of Vehumet.
   193 | D        | Found an ornate altar of the Wu Jian Council.
   194 | D        | Found a shimmering altar of Xom.
   195 | D        | Found a basalt altar of Yredelemnul.
   196 | D        | Found a glowing silver altar of Zin.
   197 | D        | Found a glowing golden altar of the Shining One.
   246 | D        | Noticed an eye of draining
   246 | D        | Noticed a bullfrog
   251 | D        | Reached XP level 5. HP: 34/34 MP: 5/5
   254 | D        | Killed an eye of draining
   254 | D        | Reached skill level 5 in Fighting
   254 | D        | Reached skill level 10 in Maces & Flails
   265 | D        | Reached XP level 6. HP: 42/42 MP: 6/6
   266 | D        | Reached ***** piety under Trog
   266 | D        | Reached skill level 11 in Maces & Flails
   315 | D        | Noticed a cyclops
   315 | D        | Noticed an ice beast
   315 | D        | Noticed a two-headed ogre
   324 | D        | Killed a cyclops
   324 | D        | Reached skill level 12 in Maces & Flails
   324 | D        | Reached skill level 5 in Armour
   324 | D        | Reached XP level 7. HP: 50/50 MP: 7/7
   334 | D        | Received a gift from Trog
   343 | D        | Killed a two-headed ogre
   343 | D        | Reached skill level 10 in Fighting
   343 | D        | Reached skill level 14 in Maces & Flails
   343 | D        | Reached skill level 5 in Dodging
   343 | D        | Reached XP level 8. HP: 14/57 MP: 8/8
   488 | D        | Noticed a yak
   488 | D        | Noticed a hippogriff
   498 | D        | Noticed a komodo dragon
   501 | D        | Noticed a yak
   503 | D        | Reached XP level 9. HP: 63/63 MP: 9/9
   504 | D        | Received a gift from Trog
   519 | D        | Reached skill level 15 in Maces & Flails
   527 | D        | Killed a komodo dragon
   592 | D        | Noticed a spiny frog
   592 | D        | Noticed a black mamba
   592 | D        | Noticed a polar bear
   596 | D        | Received a gift from Trog
   603 | D        | Noticed a spiny frog
   607 | D        | Killed a spiny frog
   607 | D        | Reached skill level 16 in Maces & Flails
   610 | D        | Noticed a black mamba
   611 | D        | Reached XP level 10. HP: 71/71 MP: 10/10
   618 | D        | Killed a black mamba
   618 | D        | Reached ****** piety under Trog
   618 | D        | Received a gift from Trog
   643 | D        | Killed a spiny frog
   643 | D        | Killed a black mamba
   877 | D        | Noticed a catoblepas
   877 | D        | Noticed a catoblepas
   877 | D        | Noticed a catoblepas
   877 | D        | Noticed a death yak
   879 | D        | Noticed a death yak
   884 | D        | Killed a catoblepas
   884 | D        | Reached skill level 17 in Maces & Flails
   894 | D        | Killed a catoblepas
   903 | D        | Killed a catoblepas
   903 | D        | Received a gift from Trog
   911 | D        | Reached skill level 18 in Maces & Flails
   911 | D        | Reached XP level 11. HP: 28/79 MP: 11/11
   913 | D        | Killed a death yak
   914 | D        | Killed a death yak
  1234 | D        | Noticed an orc knight
  1247 | D        | Received a gift from Trog
  1259 | D        | Killed an orc knight
  1544 | D        | Noticed an orc knight
  1544 | D        | Noticed an orc knight
  1553 | D        | Killed an orc knight
  1562 | D        | Killed an orc knight
  1563 | D        | Received a gift from Trog
  1657 | D        | Found Zahiwo Peyts's Armour Emporium.
  1657 | D        | Noticed an orc high priest
  1657 | D        | Noticed an orc high priest
  1657 | D        | Noticed an orc high priest
  1657 | D        | Noticed an orc high priest
  1657 | D        | Noticed an orc high priest
  1659 | D        | Noticed a soul eater
  1659 | D        | Noticed an orc knight
  1663 | D        | Noticed an orc high priest
  1670 | D        | Killed an orc high priest
  1670 | D        | Reached skill level 15 in Fighting
  1671 | D        | Noticed a sun demon
  1676 | D        | Found Dovewkon's Antique Weapon Shoppe.
  1676 | D        | Noticed a soul eater
  1681 | D        | HP: 4/81 [orc high priest/divine providence (15)]
  1684 | D        | Killed an orc high priest
  1684 | D        | Received a gift from Trog
  1684 | D        | Reached skill level 19 in Maces & Flails
  1684 | D        | Reached skill level 10 in Armour
  1687 | D        | Killed an orc high priest
  1689 | D        | Killed an orc high priest
  1693 | D        | Killed an orc high priest
  1697 | D        | Killed an orc knight
  1699 | D        | Killed an orc high priest
  1726 | D        | Noticed an orc knight
  1727 | D        | Noticed an orc high priest
  1727 | D        | Found Ymuarome's Antique Armour Emporium.
  1732 | D        | Noticed an orc knight
  1733 | D        | Killed an orc knight
  1734 | D        | Found Assueh's Jewellery Shoppe.
  1737 | D        | Killed an orc high priest
  1737 | D        | Received a gift from Trog
  1741 | D        | Noticed an orc high priest
  1747 | D        | Noticed an orc knight
  1747 | D        | Killed an orc knight
  1747 | D        | Reached XP level 12. HP: 42/88 MP: 12/12
  1749 | D        | Noticed an orc high priest
  1750 | D        | Killed an orc high priest
  1756 | D        | Killed an orc high priest
  1937 | D        | Bought the ring "Ovvism" {+Fly rElec Str+3 Dex+4 SInv} for 503 gold pieces
  1943 | D        | Bought the +10 large shield of Ignorance {rN+ Int-4} for 802 gold pieces
  1943 | D        | Found the +10 large shield of Ignorance {rN+ Int-4}
  1975 | D        | Noticed Joseph
  1986 | D        | Killed Joseph
  2018 | D        | Noticed Gastronok
  2034 | D        | Killed Gastronok
  2034 | D        | Received a gift from Trog
  2034 | D        | Reached skill level 20 in Maces & Flails
  2096 | D        | Got the +1 whip of the Eggplant {holy, Str+3}
  2137 | D        | Noticed a tengu warrior
  2153 | D        | Noticed an ogre mage
  2158 | D        | Killed a tengu warrior
  2165 | D        | Noticed a deep troll earth mage
  2173 | D        | Noticed a deep troll earth mage
  2173 | D        | Killed an ogre mage
  2173 | D        | Reached skill level 10 in Dodging
  2173 | D        | Reached skill level 5 in Shields
  2177 | D        | Noticed a stone giant
  2179 | D        | Noticed a deep troll shaman
  2179 | D        | Killed a deep troll earth mage
  2179 | D        | Received a gift from Trog
  2190 | D        | Killed a deep troll earth mage
  2197 | D        | Killed a stone giant
  2205 | D        | Slain by a deep troll earth mage simulacrum

Vault maps used:
D:        linesprint

Skill      XL: |  1  2  3  4  5  6  7  8  9 10 11 12 |
---------------+-------------------------------------+-----
Maces & Flails | 5 7 9 10 12 14 16 18 19 20 | 20.5
Fighting       | 4 6 8 10 12 13 16 17 | 17.9
Dodging        | 2 3 4 5 6 7 8 9 10 | 10.1
Armour         | 3 5 6 7 8 10 12 | 12.0
Shields        | 7 |  7.7

Action                   |  1- 3 |  4- 6 |  7- 9 | 10-12 || total
-------------------------+-------+-------+-------+-------++-------
Melee: Mace              |    25 |       |       |       ||    25
       Morningstar       |       |    26 |    86 |   193 ||   305
Invok: Berserk           |     1 |     2 |     2 |     6 ||    11
       Trog's Hand       |       |       |     2 |     2 ||     4
       Brothers in Arms  |       |       |       |     8 ||     8
  Use: Scroll            |       |       |       |     1 ||     1
  Eat: Chunk             |       |       |     3 |    14 ||    17
       Ration            |       |       |       |     1 ||     1
Armor: Animal skin       |     3 |       |       |       ||     3
       Scale mail        |       |     6 |    44 |    58 ||   108
Dodge: Dodged            |    13 |     8 |    59 |    60 ||   140
Block: Large shield      |       |       |       |    94 ||    94

Table legend:
 A = Spawn XP
 B = Non-spawn XP
 C = Spawn XP percentage of total XP
 D = Spawn monster count
 E = Non-spawn monster count
 F = Spawn count percentage of total count
 G = Total turns spent on level
                    A         B        C        D         E        F      G
               +---------+---------+-------+---------+---------+-------+---------
         Total |       0 |   29414 |   0.0 |       0 |      98 |   0.0 |  2205
               +---------+---------+-------+---------+---------+-------+---------
             D |       0 |   29414 |   0.0 |       0 |      98 |   0.0 |  2205
               +---------+---------+-------+---------+---------+-------+---------
